Workbook
Name 運用資産等決定事実: 軽微基準一覧表!$D$65:$D$67
Name 運用資産等発生事実: 軽微基準一覧表!$D$68:$D$69
Name 区分: 軽微基準一覧表!$B$3:$B$8
Name 資産の譲渡又は取得: 軽微基準一覧表!$D$65:$D$67
Name 資産運用会社決定事実: 軽微基準一覧表!$D$38:$D$51
Name 資産運用会社発生事実: 軽微基準一覧表!$D$52:$D$64
Name 投資法人決定事実: 軽微基準一覧表!$D$3:$D$17
Name 投資法人発生事実: 軽微基準一覧表!$D$18:$D$37

Sheet 表紙
F2: 東京証券取引所 「適時開示チェックシート（REIT）」
BF4: 株式会社 東京証券取引所
C6: 1 | D6: . | E6: 適時開示チェックシートの構成
G8: シート名 | T8: 概要・利用方法
G10: 表紙 | T10: 本資料の利用方法、及び、利用にあたっての留意事項を記載しています。
G13: 軽微基準一覧表 | T13: 適時開示項目について、軽微基準を簡易に説明した早見表として「軽微基準確認表」を掲載しています。
T15: 【各項目の表示内容】
U16: 貸借対照表科目： | AB16: 判定にあたり比較対象となるもの、純資産総額・固定資産・債務の総額の数値基準
U17: 損益計算書科目： | AB17: 判定にあたり比較対象となるもの、営業収益・利益の数値基準及び基準となる日
U18: その他： | AB18: 上記以外の軽微基準、軽微基準判定時に対象とすべき期間
T19: ・適時開示項目をもとに、どういった軽微基準があるか（軽微基準の要件）を確認いただけます。
T21: ※ 軽微基準を設けていない適時開示項目については、各項目をグレーアウトしています。
T22: ※ 一部の項目について軽微基準が設定されていない場合には、「-」を表示しています。
T23: ・オートフィルタを利用することで、各項目に軽微基準が設定されている適時開示項目を検索いただけます。
T25: ※ 貸借対照表科目または損益計算書科目のオートフィルタで、「-」を非表示としてください。
G26: 軽微基準判定 | T26: 適時開示項目と、入力したデータをもとに、軽微基準への該当性の確認を行うシートを掲載しています。
T28: 【ご利用方法】
U29: ① | W29: 「データ入力」シートの必要項目に、財務諸表データ等を入力
G30: データ入力 | U30: ② | W30: 「軽微基準判定」シートで、適時開示項目をプルダウンより選択
U31: ③ | W31: 「軽微基準判定」シートの太枠内（黄色セルの箇所）を入力
U32: ④ | W32: 「軽微基準判定」シートの[軽微基準判定]欄に従い、適時開示を検討
U33: ※ | W33: 各シートに数値データを入力する際には、単位（百万円、千円、等）を統一してください。
U34: ※ | W34: その他入力方法についての詳細は、各シート（右部分に記載）を参照してください。
G35: （参考）公開項目選択例 | T35: よくある開示内容ごとに、適時開示資料をTDnet登録する際に設定いただく公開項目（和文・英文）の、設定例を紹介しています。
C40: 2 | D40: . | E40: 利用にあたっての留意事項
G42: 本資料においては、利便性を重視し記載を省略している部分があるほか、本資料が開示項目や開示すべき事項を網羅しているものではありません。 また、個別の開示項目に該当しない場合や、軽微基準に該当する場合であっても、投資者の投資判断に著しい影響を及ぼす事実について決定を行い又はそのような事実が発生した場合には、適時開示が必要となりますので、適時開示にあたっては必ず「適時開示ガイドブック」もご確認いただくようお願いいたします。
G46: 適時開示ガイドブック
G48: ご利用に際してご不明な点等ありましたら、東証の貴社担当者までお問い合わせください。 また、適時開示や、東証に提出が必要となる書類、東証の提供するシステム等について、よくお問い合わせいただくご質問への回答を、「上場REIT向けFAQサイト」にて公表しておりますので、ご活用ください。
G52: 上場REIT向けFAQサイト

Sheet 軽微基準一覧表
D1: 適時開示項目 | E1: 貸借対照表科目（左列：分子、右列：軽微基準の比率） | K1: 損益計算書科目（左列：分子、右列：軽微基準の比率） | R1: その他
E2: 純資産総額（分母） | G2: 固定資産（分母） | I2: 債務の総額（分母） | K2: 営業収益（分母） | M2: 経常利益（分母） | O2: 当期純利益（分母） | Q2: 基準となる日
B3: 投資法人決定事実 | C3: 投資法人 決定事実 | D3: 投資口の併合又は分割 | E3: - | F3: - | G3: - | H3: - | I3: - | J3: - | K3: - | L3: - | M3: - | N3: - | O3: - | P3: - | Q3: -
B4: 投資法人発生事実 | D4: 投資口の追加発行又は売出し | E4: - | F4: - | G4: - | H4: - | I4: - | J4: - | K4: - | L4: - | M4: - | N4: - | O4: - | P4: - | Q4: -
B5: 資産運用会社決定事実 | D5: 投資法人債の募集又は資金の借入れ | E5: - | F5: - | G5: - | H5: - | I5: - | J5: - | K5: - | L5: - | M5: - | N5: - | O5: - | P5: - | Q5: -
B6: 資産運用会社発生事実 | D6: 合併 | E6: - | F6: - | G6: - | H6: - | I6: - | J6: - | K6: - | L6: - | M6: - | N6: - | O6: - | P6: - | Q6: -
B7: 運用資産等決定事実 | D7: 規約の変更又は解散 | E7: - | F7: - | G7: - | H7: - | I7: - | J7: - | K7: - | L7: - | M7: - | N7: - | O7: - | P7: - | Q7: - | R7: 法令の改正等に伴う記載表現のみの変更、本店所在地の変更、など
B8: 運用資産等発生事実 | D8: 上場廃止申請 | E8: - | F8: - | G8: - | H8: - | I8: - | J8: - | K8: - | L8: - | M8: - | N8: - | O8: - | P8: - | Q8: -
D9: 破産手続開始又は再生手続開始の申立て | E9: - | F9: - | G9: - | H9: - | I9: - | J9: - | K9: - | L9: - | M9: - | N9: - | O9: - | P9: - | Q9: -
D10: 公認会計士等の異動 | E10: - | F10: - | G10: - | H10: - | I10: - | J10: - | K10: - | L10: - | M10: - | N10: - | O10: - | P10: - | Q10: -
D11: 投資主名簿に関する事務の委託の取止め | E11: - | F11: - | G11: - | H11: - | I11: - | J11: - | K11: - | L11: - | M11: - | N11: - | O11: - | P11: - | Q11: -
D12: 資産運用に係る委託契約の締結又はその解約 | E12: - | F12: - | G12: - | H12: - | I12: - | J12: - | K12: - | L12: - | M12: - | N12: - | O12: - | P12: - | Q12: -
D13: 金銭の分配 | E13: - | F13: - | G13: - | H13: - | I13: - | J13: - | K13: - | L13: - | M13: - | N13: - | O13: - | P13: - | Q13: -
D14: 公開買付けに対抗するための買付等の要請 | E14: - | F14: - | G14: - | H14: - | I14: - | J14: - | K14: - | L14: - | M14: - | N14: - | O14: - | P14: - | Q14: -
D15: 自己投資口の取得 | E15: - | F15: - | G15: - | H15: - | I15: - | J15: - | K15: - | L15: - | M15: - | N15: - | O15: - | P15: - | Q15: -
D16: 新投資口予約権無償割当て | E16: - | F16: - | G16: - | H16: - | I16: - | J16: - | K16: - | L16: - | M16: - | N16: - | O16: - | P16: - | Q16: -
D17: 損失の全部又は一部の出資総額等からの控除 | E17: - | F17: - | G17: - | H17: - | I17: - | J17: - | K17: - | L17: - | M17: - | N17: - | O17: - | P17: - | Q17: -
C18: 投資法人 発生事実 | D18: 業務改善命令 | E18: - | F18: - | G18: - | H18: - | I18: - | J18: - | K18: - | L18: - | M18: - | N18: - | O18: - | P18: - | Q18: -
D19: 上場廃止の原因となる事実 | E19: - | F19: - | G19: - | H19: - | I19: - | J19: - | K19: - | L19: - | M19: - | N19: - | O19: - | P19: - | Q19: -
D20: 純資産の額が基準純資産額を下回るおそれの発生 | E20: - | F20: - | G20: - | H20: - | I20: - | J20: - | K20: - | L20: - | M20: - | N20: - | O20: - | P20: - | Q20: -
D21: 登録取消しの通告 | E21: - | F21: - | G21: - | H21: - | I21: - | J21: - | K21: - | L21: - | M21: - | N21: - | O21: - | P21: - | Q21: -
D22: 公認会計士等の異動 | E22: - | F22: - | G22: - | H22: - | I22: - | J22: - | K22: - | L22: - | M22: - | N22: - | O22: - | P22: - | Q22: -
D23: 有価証券報告書・半期報告書の提出遅延、提出延長承認 | E23: - | F23: - | G23: - | H23: - | I23: - | J23: - | K23: - | L23: - | M23: - | N23: - | O23: - | P23: - | Q23: -
D24: 投資主名簿に関する事務の委託契約の解除通知の受領等 | E24: - | F24: - | G24: - | H24: - | I24: - | J24: - | K24: - | L24: - | M24: - | N24: - | O24: - | P24: - | Q24: -
D25: 災害に起因する損害又は業務遂行の過程で生じた損害 | E25: 損害の額 | F25: 0.03 | G25: - | H25: - | I25: - | J25: - | K25: - | L25: - | M25: 損害の額 | N25: 0.3 | O25: 損害の額 | P25: 0.3 | Q25: - | R25: ※貸借対照表科目の分母は、直前営業期間末日の額 ※損益計算書科目の分母は、直前年度の額
D26: 訴訟の提起又は判決等 【訴えが提起された場合】 | E26: 訴訟の目的の価額 | F26: 0.15 | G26: - | H26: - | I26: - | J26: - | K26: 営業収益の減少額 | L26: 0.1 | M26: - | N26: - | O26: - | P26: - | Q26: 訴えの提起された日 | R26: ※貸借対照表科目の分母は、直前営業期間末日の額 ※損益計算書科目の分子は、基準となる日の属する年度から3年度の額、分母は直前年度の額
D27: 訴訟の提起又は判決等 【判決があった場合、訴訟の全部若しくは一部が完結した場合】 | E27: 給付する財産の額 | F27: 0.03 | G27: - | H27: - | I27: - | J27: - | K27: 営業収益の減少額 | L27: 0.1 | M27: 経常利益の減少額 | N27: 0.3 | O27: 当期純利益 の減少額 | P27: 0.3 | Q27: 判決等の日 | R27: ※訴えの提起の際に開示義務が生じていなくても、該当性の確認が必要となります。 ※貸借対照表科目の分母は、直前営業期間末日の額 ※損益計算書科目の分子は、基準となる日の属する年度から3年度の額、分母は直前年度の額
D28: 仮処分命令の申立て又は決定等 【申立てがなされた場合】 | E28: - | F28: - | G28: - | H28: - | I28: - | J28: - | K28: 営業収益の減少額 | L28: 0.1 | M28: - | N28: - | O28: - | P28: - | Q28: 申立ての日 | R28: ※損益計算書科目の分子は、基準となる日の属する年度から3年度の額、分母は直前年度の額
D29: 仮処分命令の申立て又は決定等 【裁判があった場合、申立てに係る手続の全部若しくは一部が完結した場合】 | E29: - | F29: - | G29: - | H29: - | I29: - | J29: - | K29: 営業収益の減少額 | L29: 0.1 | M29: 経常利益の減少額 | N29: 0.3 | O29: 当期純利益 の減少額 | P29: 0.3 | Q29: 裁判等の日 | R29: ※申立てがなされた際に開示義務が生じていなくても、該当性の確認が必要となります。 ※損益計算書科目の分子は、基準となる日の属する年度から3年度の額、分母は直前年度の額
D30: 登録の取消し等 | E30: - | F30: - | G30: - | H30: - | I30: - | J30: - | K30: 営業収益の減少額 | L30: 0.1 | M30: - | N30: - | O30: - | P30: - | Q30: 処分を受けた日 | R30: ※損益計算書科目の分子は、基準となる日の属する年度から3年度の額、分母は直前年度の額
D31: 破産手続開始又は再生手続開始の申立て | E31: - | F31: - | G31: - | H31: - | I31: - | J31: - | K31: - | L31: - | M31: - | N31: - | O31: - | P31: - | Q31: -
D32: 手形等の不渡り又は手形交換所による取引停止処分 | E32: - | F32: - | G32: - | H32: - | I32: - | J32: - | K32: - | L32: - | M32: - | N32: - | O32: - | P32: - | Q32: -
D33: 債権の取立不能又は取立遅延 | E33: 債務不履行の おそれのある額 | F33: 0.03 | G33: - | H33: - | I33: - | J33: - | K33: - | L33: - | M33: 債務不履行の おそれのある額 | N33: 0.3 | O33: 債務不履行の おそれのある額 | P33: 0.3 | Q33: - | R33: ※貸借対照表科目の分母は、直前営業期間末日の額 ※損益計算書科目の分母は、直前年度の額
D34: 取引先との取引停止 | E34: - | F34: - | G34: - | H34: - | I34: - | J34: - | K34: 営業収益の減少額 | L34: 0.1 | M34: - | N34: - | O34: - | P34: - | Q34: 取引の停止の日 | R34: ※損益計算書科目の分子は、基準となる日の属する年度から3年度の額、分母は直前年度の額
D35: 債務免除等の金融支援 | E35: - | F35: - | G35: - | H35: - | I35: 債務の免除額・ 引受額・弁済額 | J35: 0.1 | K35: - | L35: - | M35: 経常利益の増加額 | N35: 0.3 | O35: 当期純利益 の増加額 | P35: 0.3 | Q35: - | R35: ※貸借対照表科目の分母は、直前営業期間末日の額 ※損益計算書科目の分母は、直前年度の額
D36: 資源の発見 | E36: - | F36: - | G36: - | H36: - | I36: - | J36: - | K36: 営業収益の増加額 | L36: 0.1 | M36: - | N36: - | O36: - | P36: - | Q36: 採掘又は採取を開始する日 | R36: ※損益計算書科目の分子は、基準となる日の属する年度から3年度の額、分母は直前年度の額
D37: 投資証券の発行差止請求 | E37: - | F37: - | G37: - | H37: - | I37: - | J37: - | K37: - | L37: - | M37: - | N37: - | O37: - | P37: - | Q37: -
C38: 資産運用会社 決定事実 | D38: 上場廃止申請 | E38: - | F38: - | G38: - | H38: - | I38: - | J38: - | K38: - | L38: - | M38: - | N38: - | O38: - | P38: - | Q38: -
D39: 合併 | E39: - | F39: - | G39: - | H39: - | I39: - | J39: - | K39: - | L39: - | M39: - | N39: - | O39: - | P39: - | Q39: -
D40: 破産手続開始、再生手続開始又は更生手続開始の申立て | E40: - | F40: - | G40: - | H40: - | I40: - | J40: - | K40: - | L40: - | M40: - | N40: - | O40: - | P40: - | Q40: -
D41: 解散（合併による解散を除く） | E41: - | F41: - | G41: - | H41: - | I41: - | J41: - | K41: - | L41: - | M41: - | N41: - | O41: - | P41: - | Q41: -
D42: 事業の休止又は廃止 | E42: - | F42: - | G42: - | H42: - | I42: - | J42: - | K42: 営業収益の減少額 | L42: 0.1 | M42: 経常利益の増減額 | N42: 0.3 | O42: 当期純利益 の増減額 | P42: 0.3 | Q42: 休止又は廃止の予定日 | R42: ※損益計算書科目の分子は、基準となる日の属する年度から3年度の額、分母は直前年度の額 ※営業収益が分子の場合は減少額のみ
D43: 資産運用の全部又は一部の休止又は廃止 | E43: - | F43: - | G43: - | H43: - | I43: - | J43: - | K43: 営業収益の減少額 | L43: 0.1 | M43: 経常利益の増減額 | N43: 0.3 | O43: 当期純利益 の増減額 | P43: 0.3 | Q43: 休止又は廃止の予定日 | R43: ※損益計算書科目の分子は、基準となる日の属する年度から3年度の額、分母は直前年度の額 ※営業収益が分子の場合は減少額のみ
D44: 会社分割 | E44: - | F44: - | G44: - | H44: - | I44: - | J44: - | K44: - | L44: - | M44: - | N44: - | O44: - | P44: - | Q44: -
D45: 事業の全部又は一部の譲渡又は譲受け | E45: - | F45: - | G45: - | H45: - | I45: - | J45: - | K45: - | L45: - | M45: - | N45: - | O45: - | P45: - | Q45: -
D46: 資産運用に係る委託契約の解消 | E46: - | F46: - | G46: - | H46: - | I46: - | J46: - | K46: - | L46: - | M46: - | N46: - | O46: - | P46: - | Q46: -
D47: 株式交換 | E47: - | F47: - | G47: - | H47: - | I47: - | J47: - | K47: - | L47: - | M47: - | N47: - | O47: - | P47: - | Q47: -
D48: 株式移転 | E48: - | F48: - | G48: - | H48: - | I48: - | J48: - | K48: - | L48: - | M48: - | N48: - | O48: - | P48: - | Q48: -
D49: 株式交付 | E49: - | F49: - | G49: - | H49: - | I49: - | J49: - | K49: - | L49: - | M49: - | N49: - | O49: - | P49: - | Q49: -
D50: 新たな資産の運用の開始 | E50: - | F50: - | G50: 特別に支出する額 | H50: 0.1 | I50: - | J50: - | K50: 営業収益の増加額 | L50: 0.1 | M50: - | N50: - | O50: - | P50: - | Q50: 開始する予定日 | R50: ※貸借対照表科目の分母は、直前営業期間末日の額 ※損益計算書科目の分子は、基準となる日の属する年度から3年度の額、分母は直前年度の額
D51: 認可若しくは承認の申請又は届出 | E51: - | F51: - | G51: - | H51: - | I51: - | J51: - | K51: - | L51: - | M51: - | N51: - | O51: - | P51: - | Q51: - | R51: 当取引所が定めるもの（適時開示ガイドブックをご確認ください）
C52: 資産運用会社 発生事実 | D52: 業務改善命令 | E52: - | F52: - | G52: - | H52: - | I52: - | J52: - | K52: - | L52: - | M52: - | N52: - | O52: - | P52: - | Q52: -
D53: 上場廃止の原因となる事実 | E53: - | F53: - | G53: - | H53: - | I53: - | J53: - | K53: - | L53: - | M53: - | N53: - | O53: - | P53: - | Q53: -
D54: 行政庁による認可、承認又は処分 | E54: - | F54: - | G54: - | H54: - | I54: - | J54: - | K54: - | L54: - | M54: - | N54: - | O54: - | P54: - | Q54: -
D55: 特定関係法人の異動 | E55: - | F55: - | G55: - | H55: - | I55: - | J55: - | K55: - | L55: - | M55: - | N55: - | O55: - | P55: - | Q55: -
D56: 主要株主の異動 | E56: - | F56: - | G56: - | H56: - | I56: - | J56: - | K56: - | L56: - | M56: - | N56: - | O56: - | P56: - | Q56: -
D57: 訴訟の提起又は判決等 【訴えが提起された場合】 | E57: - | F57: - | G57: - | H57: - | I57: - | J57: - | K57: 営業収益の減少額 | L57: 0.1 | M57: - | N57: - | O57: - | P57: - | Q57: 訴えの提起された日 | R57: ※損益計算書科目の分子は、基準となる日の属する年度から3年度の額、分母は直前年度の額
D58: 訴訟の提起又は判決等 【判決があった場合、訴訟の全部若しくは一部が完結した場合】 | E58: - | F58: - | G58: - | H58: - | I58: - | J58: - | K58: 営業収益の減少額 | L58: 0.1 | M58: 経常利益の減少額 | N58: 0.3 | O58: 当期純利益 の減少額 | P58: 0.3 | Q58: 判決等の日 | R58: ※訴えの提起の際に開示義務が生じていなくても、該当性の確認が必要となります。 ※損益計算書科目の分子は、基準となる日の属する年度から3年度の額、分母は直前年度の額
D59: 仮処分命令の申立て又は決定等 【申立てがなされた場合】 | E59: - | F59: - | G59: - | H59: - | I59: - | J59: - | K59: 営業収益の減少額 | L59: 0.1 | M59: - | N59: - | O59: - | P59: - | Q59: 申立ての日 | R59: ※損益計算書科目の分子は、基準となる日の属する年度から3年度の額、分母は直前年度の額
D60: 仮処分命令の申立て又は決定等 【裁判があった場合、申立てに係る手続の全部若しくは一部が完結した場合】 | E60: - | F60: - | G60: - | H60: - | I60: - | J60: - | K60: 営業収益の減少額 | L60: 0.1 | M60: 経常利益の減少額 | N60: 0.3 | O60: 当期純利益 の減少額 | P60: 0.3 | Q60: 裁判等の日 | R60: ※申立てがなされた際に開示義務が生じていなくても、該当性の確認が必要となります。 ※損益計算書科目の分子は、基準となる日の属する年度から3年度の額、分母は直前年度の額
D61: 破産手続開始、再生手続開始、更生手続開始又は企業担保権の実行の申立て | E61: - | F61: - | G61: - | H61: - | I61: - | J61: - | K61: - | L61: - | M61: - | N61: - | O61: - | P61: - | Q61: -
D62: 手形等の不渡り又は手形交換所による取引停止処分 | E62: - | F62: - | G62: - | H62: - | I62: - | J62: - | K62: - | L62: - | M62: - | N62: - | O62: - | P62: - | Q62: -
D63: 特定関係法人に係る破産手続き開始の申立て等 | E63: - | F63: - | G63: - | H63: - | I63: - | J63: - | K63: - | L63: - | M63: - | N63: - | O63: - | P63: - | Q63: -
D64: 特別支配株主による株式等売渡請求等 | E64: - | F64: - | G64: - | H64: - | I64: - | J64: - | K64: - | L64: - | M64: - | N64: - | O64: - | P64: - | Q64: -
C65: 運用資産等 決定事実 | D65: 運用資産等に係る資産の譲渡又は取得 | E65: - | F65: - | G65: - | H65: - | I65: - | J65: - | K65: - | L65: - | M65: - | N65: - | O65: - | P65: - | Q65: - | R65: 直前営業期間の末日における譲渡対象資産の価格が5,000万円未満であること 取得対象資産の取得価格が5,000万円未満であること
D66: 運用資産等の貸借又は貸借の解消 【貸借の場合】 | E66: - | F66: - | G66: - | H66: - | I66: - | J66: - | K66: 営業収益の増加額 | L66: 0.05 | M66: 経常利益の増減額 | N66: 0.3 | O66: 当期純利益 の増減額 | P66: 0.3 | Q66: 貸借の開始日 | R66: ※損益計算書科目の分子は、基準となる日の属する年度から3年度の額、分母は直前年度の額 ※営業収益が分子の場合は増加額のみ
D67: 運用資産等の貸借又は貸借の解消 【貸借の解消の場合】 | E67: - | F67: - | G67: - | H67: - | I67: - | J67: - | K67: 営業収益の減少額 | L67: 0.05 | M67: 経常利益の増減額 | N67: 0.3 | O67: 当期純利益 の増減額 | P67: 0.3 | Q67: 貸借の解消日 | R67: ※損益計算書科目の分子は、基準となる日の属する年度から3年度の額、分母は直前年度の額 ※営業収益が分子の場合は減少額のみ
C68: 運用資産等 発生事実 | D68: 損害の発生 | E68: 損害の額 | F68: 0.03 | G68: - | H68: - | I68: - | J68: - | K68: - | L68: - | M68: 損害の額 | N68: 0.3 | O68: 損害の額 | P68: 0.3 | Q68: - | R68: ※貸借対照表科目の分母は、直前営業期間末日の額 ※損益計算書科目の分母は、直前年度の額
D69: 運用資産等の貸借の解消 | E69: - | F69: - | G69: - | H69: - | I69: - | J69: - | K69: 営業収益の減少額 | L69: 0.05 | M69: 経常利益の増減額 | N69: 0.3 | O69: 当期純利益 の増減額 | P69: 0.3 | Q69: 貸借の解消日 | R69: ※損益計算書科目の分子は、基準となる日の属する年度から3年度の額、分母は直前年度の額 ※営業収益が分子の場合は減少額のみ
C70: ※ 「年度」とは1年間を意味し、投資法人の営業期間が6か月の場合は、連続する2営業期間をいい、計算にあたっては当該2営業期間の額を合計することとなります。
C71: ※ 「基準となる日の属する年度から3年度」とは、「基準となる日」の属する営業期間開始の日から3年間の各年度をいい、各年度について（計3回）計算する必要があります。

Sheet 軽微基準判定
B3: 適時開示項目 | N3: プルダウンから適時開示項目の分類を選択してください
K4: =VLOOKUP($E$4,軽微基準一覧表!$D:$R,15,FALSE) -> #N/A | N4: 上記分類を選択後、プルダウンから適時開示項目を選択してください
B6: =IF(COUNTIF(C14:C22,"-")=6,"入力不要","決定・発生日") -> 決定・発生日 | N6: 決定・発生日（開示日）を入力してください（YYYY/MM/DD） （グレーアウトされている場合は不要）
B8: =IFERROR(IF(VLOOKUP(E4,軽微基準一覧表!D:R,14,FALSE)="-","入力不要",VLOOKUP(E4,軽微基準一覧表!D:R,14,FALSE)),"基準となる日") -> 基準となる日 | N8: 表示された日付を入力してください（YYYY/MM/DD） （グレーアウトされている場合は不要）
B11: 影響額（軽微基準判定に用いる額）
C13: （分子） | E13: 見込み額
B14: （純資産総額） | C14: =IFERROR(VLOOKUP($E$4,軽微基準一覧表!$D:$Q,2,FALSE),"") | N14: （分子）欄に表示された額を太枠内に入力してください （グレーアウトされている場合は不要）
B15: （固定資産） | C15: =IFERROR(VLOOKUP($E$4,軽微基準一覧表!$D:$Q,4,FALSE),"") | N15: （分子）欄に表示された額を太枠内に入力してください （グレーアウトされている場合は不要）
B16: （債務の総額） | C16: =IFERROR(VLOOKUP($E$4,軽微基準一覧表!$D:$Q,6,FALSE),"") | N16: （分子）欄に表示された額を太枠内に入力してください （グレーアウトされている場合は不要）
C18: （分子） | E18: =IF(COUNTIF($K$4,"*3年度*")>0,OFFSET(データ入力!B1,MATCH(VLOOKUP(IF(EOMONTH(E8,0)=E8,E8-1,E8),データ入力!$B:$B,1,TRUE),データ入力!$B:$B),0),IF(COUNTIF(C20:C22,"-")=3,"-","見込み額")) -> 見込み額 | F18: =IF(COUNTIF($K$4,"*3年度*")>0,OFFSET(データ入力!B1,MATCH($E$18,データ入力!$B:$B),0),"-") -> - | G18: =IF(COUNTIF($K$4,"*3年度*")>0,OFFSET(データ入力!B1,MATCH($E$18,データ入力!$B:$B)+1,0),"-") -> - | H18: =IF(G18="-","-",IF(OR(AND(MONTH(E18)=MONTH(F18),MONTH(F18)=MONTH(G18)),SUM(E19:G19)>365*3-1),"-",IF(COUNTIF($K$4,"*3年度*")>0,OFFSET(データ入力!B1,MATCH($E$18,データ入力!$B:$B)+2,0),"-"))) -> - | I18: =IF(H18="-","-",IF(OR(AND(MONTH(F18)=MONTH(G18),MONTH(G18)=MONTH(H18)),SUM(E19:H19)>365*3-1),"-",IF(COUNTIF($K$4,"*3年度*")>0,OFFSET(データ入力!B1,MATCH($E$18,データ入力!$B:$B)+3,0),"-"))) -> - | J18: =IF(I18="-","-",IFERROR(IF(OR(AND(MONTH(H18)=MONTH(I18),MONTH(G18)=MONTH(H18)),SUM(E19:I19)>365*3-1),"-",IF(COUNTIF($K$4,"*3年度*")>0,OFFSET(データ入力!B1,MATCH($E$18,データ入力!$B:$B)+4,0),"-")),"-")) -> - | K18: max
E19: =IFERROR(VLOOKUP(E$18,データ入力!$B:$K,2,FALSE),"") | F19: =IFERROR(VLOOKUP(F$18,データ入力!$B:$K,2,FALSE),"") | G19: =IFERROR(VLOOKUP(G$18,データ入力!$B:$K,2,FALSE),"") | H19: =IFERROR(VLOOKUP(H$18,データ入力!$B:$K,2,FALSE),"") | I19: =IFERROR(VLOOKUP(I$18,データ入力!$B:$K,2,FALSE),"") | J19: =IFERROR(VLOOKUP(J$18,データ入力!$B:$K,2,FALSE),"")
B20: （営業収益） | C20: =IFERROR(VLOOKUP($E$4,軽微基準一覧表!$D:$Q,8,FALSE),"") | N20: （分子）欄に表示された額を決算期ごとに太枠内に入力してください （グレーアウトされている箇所は不要）
B21: （経常利益） | C21: =IFERROR(VLOOKUP($E$4,軽微基準一覧表!$D:$Q,10,FALSE),"") | N21: （分子）欄に表示された額を決算期ごとに太枠内に入力してください （グレーアウトされている箇所は不要）
B22: （当期純利益） | C22: =IFERROR(VLOOKUP($E$4,軽微基準一覧表!$D:$Q,12,FALSE),"") | N22: （分子）欄に表示された額を決算期ごとに太枠内に入力してください （グレーアウトされている箇所は不要）
E23: =IF(OR($E$18="見込み額",$E$19>364),ABS(E20),IF($F$19>364,ABS(E20)*365/$E$19,ABS(SUM(E20:F20))*365/SUM($E$19:$F$19))) -> 0 | F23: =IF($F$18="-","",IF($F$19>364,ABS(F20),IF(AND($E$19>364,$G$19>364),ABS(F20)*365/$F$19,IF($E$19>364,ABS(SUM(F20:G20))*365/SUM($F$19:$G$19),"")))) | G23: =IF($G$18="-","",IF($G$19>364,ABS(G20),IF(AND($E$19>364,COUNTIF($E$18:$J$18,"-")=1),"",ABS(SUM(G20:H20))*365/SUM($G$19:$H$19)))) | H23: =IF($H$18="-","",IF($H$19>364,ABS(H20),IF(AND($E$19>364,COUNTIF($E$18:$J$18,"-")=1),ABS(SUM(H20:I20))*365/SUM($H$19:$I$19),""))) | I23: =IF(OR($I$18="-",COUNT(E23:H23)=3),"",ABS(SUM(I20:J20))*365/SUM($I$19:$J$19)) | K23: =MAX(E23:J23) -> 0
E24: =IF(OR($E$18="見込み額",$E$19>364),ABS(E21),IF($F$19>364,ABS(E21)*365/$E$19,ABS(SUM(E21:F21))*365/SUM($E$19:$F$19))) -> 0 | F24: =IF($F$18="-","",IF($F$19>364,ABS(F21),IF(AND($E$19>364,$G$19>364),ABS(F21)*365/$F$19,IF($E$19>364,ABS(SUM(F21:G21))*365/SUM($F$19:$G$19),"")))) | G24: =IF($G$18="-","",IF($G$19>364,ABS(G21),IF(AND($E$19>364,COUNTIF($E$18:$J$18,"-")=1),"",ABS(SUM(G21:H21))*365/SUM($G$19:$H$19)))) | H24: =IF($H$18="-","",IF($H$19>364,ABS(H21),IF(AND($E$19>364,COUNTIF($E$18:$J$18,"-")=1),ABS(SUM(H21:I21))*365/SUM($H$19:$I$19),""))) | I24: =IF(OR($I$18="-",COUNT(E24:H24)=3),"",ABS(SUM(I21:J21))*365/SUM($I$19:$J$19)) | K24: =MAX(E24:J24) -> 0
E25: =IF(OR($E$18="見込み額",$E$19>364),ABS(E22),IF($F$19>364,ABS(E22)*365/$E$19,ABS(SUM(E22:F22))*365/SUM($E$19:$F$19))) -> 0 | F25: =IF($F$18="-","",IF($F$19>364,ABS(F22),IF(AND($E$19>364,$G$19>364),ABS(F22)*365/$F$19,IF($E$19>364,ABS(SUM(F22:G22))*365/SUM($F$19:$G$19),"")))) | G25: =IF($G$18="-","",IF($G$19>364,ABS(G22),IF(AND($E$19>364,COUNTIF($E$18:$J$18,"-")=1),"",ABS(SUM(G22:H22))*365/SUM($G$19:$H$19)))) | H25: =IF($H$18="-","",IF($H$19>364,ABS(H22),IF(AND($E$19>364,COUNTIF($E$18:$J$18,"-")=1),ABS(SUM(H22:I22))*365/SUM($H$19:$I$19),""))) | I25: =IF(OR($I$18="-",COUNT(E25:H25)=3),"",ABS(SUM(I22:J22))*365/SUM($I$19:$J$19)) | K25: =MAX(E25:J25) -> 0
B28: 軽微基準該当性 | E28: =IFERROR(IF(AND(COUNTIF(C13:C22,"-")=6,K4=0),"軽微基準を設けておりません、適時開示が必要です。",IF(COUNTIF(C13:C22,"-")=6,"適時開示ガイドブックを参照し、軽微基準をご確認ください。","下記の判定欄を参照し、1つでも「要開示」があれば適時開示が必要となります。")),"開示項目を選択してください。") -> 開示項目を選択してください。 | N28: 軽微基準の該当性について、判定欄に表示しています。
C30: （分母） | E30: 判定 | G30: （参考）軽微基準 | I30: （参考）直前営業期間末日の額
G31: 比率 | H31: 額 | I31: =IFERROR(VLOOKUP(IF(EOMONTH(E6,0)=E6,E6-1,E6),データ入力!B:B,1,TRUE),"")
C32: 純資産総額 | E32: =IF(C14="-","-",IF(E14<H32,"軽微基準内","要開示")) -> 軽微基準内 | G32: =IFERROR(VLOOKUP($E$4,軽微基準一覧表!$D:$Q,3,FALSE),"") | H32: =IFERROR(I32*G32,"-") -> - | I32: =IFERROR(VLOOKUP($I$31,データ入力!$B:$K,5,FALSE),"") | N32: 純資産総額にかかる軽微基準の該当性を、判定欄に表示しています。
C33: 固定資産 | E33: =IF(C15="-","-",IF(E15<H33,"軽微基準内","要開示")) -> 軽微基準内 | G33: =IFERROR(VLOOKUP($E$4,軽微基準一覧表!$D:$Q,5,FALSE),"") | H33: =IFERROR(I33*G33,"-") -> - | I33: =IFERROR(VLOOKUP($I$31,データ入力!$B:$K,6,FALSE),"") | N33: 固定資産にかかる軽微基準の該当性を、判定欄に表示しています。
C34: 債務の総額 | E34: =IF(C16="-","-",IF(E16<H34,"軽微基準内","要開示")) -> 軽微基準内 | G34: =IFERROR(VLOOKUP($E$4,軽微基準一覧表!$D:$Q,7,FALSE),"") | H34: =IFERROR(I34*G34,"-") -> - | I34: =IFERROR(VLOOKUP($I$31,データ入力!$B:$K,7,FALSE),"") | N34: 債務の総額にかかる軽微基準の該当性を、判定欄に表示しています。
C36: （分母） | E36: 判定 | G36: （参考）軽微基準 | I36: （参考）直前 年度の額 | J36: =IFERROR(VLOOKUP(IF(EOMONTH(E6,0)=E6,E6-1,E6),データ入力!B:B,1,TRUE),"") | K36: =IFERROR(IF(AND(J37<365,VLOOKUP(OFFSET(データ入力!B1,MATCH(VLOOKUP(IF(EOMONTH(E6,0),E6-1,E6),データ入力!B:B,1,TRUE),データ入力!B:B),0),データ入力!$B:$K,2,FALSE)<365),OFFSET(データ入力!B1,MATCH(VLOOKUP(IF(EOMONTH(E6,0)=E6,E6-1,E6),データ入力!B:B,1,TRUE),データ入力!B:B)-2,0),"-"),"")
G37: 比率 | H37: 額 | J37: =IFERROR(VLOOKUP(J$36,データ入力!$B:$K,2,FALSE),"") | K37: =IFERROR(VLOOKUP(K$36,データ入力!$B:$K,2,FALSE),"")
C38: 営業収益 | E38: =IF(C20="-","-",IF(K23<H38,"軽微基準内","要開示")) -> 軽微基準内 | G38: =IFERROR(VLOOKUP($E$4,軽微基準一覧表!$D:$Q,9,FALSE),"") | H38: =IFERROR(I38*G38,"-") -> - | I38: =IFERROR(SUM(J38:K38)*365/SUM($J$37:$K$37),"") | J38: =IFERROR(VLOOKUP(J$36,データ入力!$B:$K,8,FALSE),"") | K38: =IFERROR(VLOOKUP(K$36,データ入力!$B:$K,8,FALSE),"") | N38: 営業収益にかかる軽微基準の該当性を、判定欄に表示しています。
C39: 経常利益 | E39: =IF(C21="-","-",IF(K24<H39,"軽微基準内","要開示")) -> 軽微基準内 | G39: =IFERROR(VLOOKUP($E$4,軽微基準一覧表!$D:$Q,11,FALSE),"") | H39: =IFERROR(I39*G39,"-") -> - | I39: =IFERROR(SUM(J39:K39)*365/SUM($J$37:$K$37),"") | J39: =IFERROR(VLOOKUP(J$36,データ入力!$B:$K,9,FALSE),"") | K39: =IFERROR(VLOOKUP(K$36,データ入力!$B:$K,9,FALSE),"") | N39: 経常利益にかかる軽微基準の該当性を、判定欄に表示しています。
C40: 当期純利益 | E40: =IF(C22="-","-",IF(K25<H40,"軽微基準内","要開示")) -> 軽微基準内 | G40: =IFERROR(VLOOKUP($E$4,軽微基準一覧表!$D:$Q,13,FALSE),"") | H40: =IFERROR(I40*G40,"-") -> - | I40: =IFERROR(SUM(J40:K40)*365/SUM($J$37:$K$37),"") | J40: =IFERROR(VLOOKUP(J$36,データ入力!$B:$K,10,FALSE),"") | K40: =IFERROR(VLOOKUP(K$36,データ入力!$B:$K,10,FALSE),"") | N40: 当期純利益にかかる軽微基準の該当性を、判定欄に表示しています。
B43: 「データ入力」シートへ

Sheet データ入力
D1: B/S | I1: P/L
B2: 決算期 | C2: 日数 | D2: 資産 | E2: 負債 | F2: 純資産総額 | G2: 固定資産 | H2: 債務の総額 | I2: 営業収益 | J2: 経常利益 | K2: 当期純利益 | M2: 項目名 | N2: 入力内容の補足
B3: 42461 | C3: =C4 -> 274 | D3: 100000 | E3: 45000 | F3: =IF(D3="","",D3-E3) -> 55000 | G3: 90000 | H3: 40500 | I3: 5000 | J3: 3000 | K3: 2500 | M3: 決算期 | N3: 営業期間の末日を入力（YYYY/MM/DD）してください。 ※本資料において、「YYYY年MM月期」の形式で表示されます。
B4: 42735 | C4: =IF(B4-B3>0,B4-B3,"") -> 274 | D4: 100000 | E4: 45000 | F4: =IF(D4="","",D4-E4) -> 55000 | G4: 90000 | H4: 40500 | I4: 5000 | J4: 3000 | K4: 2500 | N4: 「決定・発生日」（適時開示の日）の直前期と前々期以降、「基準となる日」（効力発生日等）を含む6期先までの、営業期間の末日を入力してください。
B5: 42916 | C5: =IF(B5-B4>0,B5-B4,"") -> 181 | D5: 110000 | E5: 50000 | F5: =IF(D5="","",D5-E5) -> 60000 | G5: 99000 | H5: 45000 | I5: 5500 | J5: 3300 | K5: 2750 | N5: ※ここで入力した値が、「軽微基準判定」シートに表示されることとなります。 ※新規上場時の予想値を用いて軽微基準判定を行う場合は、新規上場日を入力してください。
B6: 43100 | C6: =IF(B6-B5>0,B6-B5,"") -> 184 | D6: 120000 | E6: 55000 | F6: =IF(D6="","",D6-E6) -> 65000 | G6: 108000 | H6: 49500 | I6: 6000 | J6: 3600 | K6: 3000 | M6: 日数 | N6: 入力された「決算期」のデータに従い、自動計算（入力不要）
B7: 43281 | C7: =IF(B7-B6>0,B7-B6,"") -> 181 | D7: 130000 | E7: 60000 | F7: =IF(D7="","",D7-E7) -> 70000 | G7: 117000 | H7: 54000 | I7: 6500 | J7: 3900 | K7: 3250 | M7: 純資産総額 | N7: 入力された「資産」「負債」のデータに従い、自動計算（入力不要） （有価証券上場規程施行規則第1229条1項にて準用する同施行規則第1206条第5項）
B8: 43465 | C8: =IF(B8-B7>0,B8-B7,"") -> 184 | D8: 140000 | E8: 65000 | F8: =IF(D8="","",D8-E8) -> 75000 | G8: 126000 | H8: 58500 | I8: 7000 | J8: 4200 | K8: 3500
B9: 43738 | C9: =IF(B9-B8>0,B9-B8,"") -> 273 | D9: 150000 | E9: 70000 | F9: =IF(D9="","",D9-E9) -> 80000 | G9: 135000 | H9: 63000 | I9: 10000 | J9: 6000 | K9: 5000
B10: 43921 | C10: =IF(B10-B9>0,B10-B9,"") -> 183 | D10: 160000 | E10: 75000 | F10: =IF(D10="","",D10-E10) -> 85000 | G10: 144000 | H10: 67500 | I10: 8000 | J10: 4800 | K10: 4000
B11: 44104 | C11: =IF(B11-B10>0,B11-B10,"") -> 183 | F11: =IF(D11="","",D11-E11) | M11: 【入力例】 | N11: ※2016/4/1に上場したREIT（現在：2020年9月期） ※2019年9月期より決算期変更（6月/12月→3月/9月）
B12: 44286 | C12: =IF(B12-B11>0,B12-B11,"") -> 182 | F12: =IF(D12="","",D12-E12)
B13: 44469 | C13: =IF(B13-B12>0,B13-B12,"") -> 183 | F13: =IF(D13="","",D13-E13)
B14: 44651 | C14: =IF(B14-B13>0,B14-B13,"") -> 182 | F14: =IF(D14="","",D14-E14)
B15: 44834 | C15: =IF(B15-B14>0,B15-B14,"") -> 183 | F15: =IF(D15="","",D15-E15)
B16: 45016 | C16: =IF(B16-B15>0,B16-B15,"") -> 182 | F16: =IF(D16="","",D16-E16)
C17: =IF(B17-B16>0,B17-B16,"") | F17: =IF(D17="","",D17-E17)
C18: =IF(B18-B17>0,B18-B17,"") | F18: =IF(D18="","",D18-E18)
C19: =IF(B19-B18>0,B19-B18,"") | F19: =IF(D19="","",D19-E19)
C20: =IF(B20-B19>0,B20-B19,"") | F20: =IF(D20="","",D20-E20)
C21: =IF(B21-B20>0,B21-B20,"") | F21: =IF(D21="","",D21-E21)
C22: =IF(B22-B21>0,B22-B21,"") | F22: =IF(D22="","",D22-E22)
C23: =IF(B23-B22>0,B23-B22,"") | F23: =IF(D23="","",D23-E23)
C24: =IF(B24-B23>0,B24-B23,"") | F24: =IF(D24="","",D24-E24)
C25: =IF(B25-B24>0,B25-B24,"") | F25: =IF(D25="","",D25-E25)
C26: =IF(B26-B25>0,B26-B25,"") | F26: =IF(D26="","",D26-E26)
C27: =IF(B27-B26>0,B27-B26,"") | F27: =IF(D27="","",D27-E27)
C28: =IF(B28-B27>0,B28-B27,"") | F28: =IF(D28="","",D28-E28)
... C32: =IF(B32-B31>0,B32-B31,"") | F32: =IF(D32="","",D32-E32)
B34: 「軽微基準判定」シートへ

Sheet （参考）公開項目選択例
B2: 開示項目 | C2: 開示内容（組み合わせ） | D2: 開示資料表題例 | E2: 公開項目選択例 | F2: 公開項目選択例（英文） | G2: 備考
B3: 投資口の追加発行 又は売出し に関する開示 | C3: 新投資口発行＋売出し | D3: 新投資口発行及び投資口売出しに関するお知らせ | E3: 【投資法人】[決定事実]投資口の追加発行又は売出し | F3: 【投資法人】英文資料（ファイナンス）
C4: 条件決定 | D4: 新投資口発行及び投資口売出しに係る価格等の決定に関するお知らせ | E4: 【投資法人】[決定事実]投資口の追加発行又は売出し | F4: 【投資法人】英文資料（ファイナンス）
E5: 【投資法人】[その他]開示事項の経過
C6: 第三者割当に係る口数確定 | D6: 第三者割当による新投資口発行における発行口数の確定に関するお知らせ | E6: 【投資法人】[決定事実]投資口の追加発行又は売出し | F6: 【投資法人】英文資料（ファイナンス）
E7: 【投資法人】[その他]開示事項の経過
B8: 投資法人債の募集 又は資金の借入れ に関する開示 | C8: 借入 | D8: 資金の借入に関するお知らせ | E8: 【投資法人】[決定事実]投資法人債の募集又は資金の借入れ | F8: 【投資法人】英文資料（ファイナンス）
C9: 金利決定 | D9: 借入金の金利決定に関するお知らせ | E9: 【投資法人】[決定事実]投資法人債の募集又は資金の借入れ | F9: 【投資法人】英文資料（ファイナンス）
D10: 資金の借入（金利決定）に関するお知らせ | E10: 【投資法人】[その他]開示事項の経過
D11: 適用利率決定に関するお知らせ
C12: 借換（リファイナンス） | D12: 資金の借入及び返済に関するお知らせ | E12: 【投資法人】[決定事実]投資法人債の募集又は資金の借入れ | F12: 【投資法人】英文資料（ファイナンス） | G12: 開示済みの内容に従い返済期日に返済を実行する場合、当該借入れの返済自体は、投資判断上の重要性が高いと考えられるものを除いて、いわゆる任意開示の位置づけとなります。なお、この場合、「【投資法人】[その他]開示事項の経過」の選択は不要です。
D13: 資金の借換に関するお知らせ
C14: 借入＋期限前弁済 | D14: 資金の借入及び借入金の期限前弁済に関するお知らせ | E14: 【投資法人】[決定事実]投資法人債の募集又は資金の借入れ | F14: 【投資法人】英文資料（ファイナンス） | G14: 借入金の期限前弁済は「開示事項の経過」としての適時開示が必要となります。
E15: 【投資法人】[その他]開示事項の経過
C16: 期限前弁済 | D16: 借入金の期限前弁済に関するお知らせ | E16: 【投資法人】[決定事実]投資法人債の募集又は資金の借入れ | F16: 【投資法人】英文資料（ファイナンス） | G16: 借入金の期限前弁済は「開示事項の経過」としての適時開示が必要となります。
E17: 【投資法人】[その他]開示事項の経過
C18: 金利スワップ | D18: 資金の借入及び金利スワップ契約締結に関するお知らせ | E18: 【投資法人】[決定事実]投資法人債の募集又は資金の借入れ | F18: 【投資法人】英文資料（ファイナンス）
E19: 【投資法人】[決定事実]その他上場ＲＥＩＴ若しくは上場インフラファンド又は投資法人の運営、業務若しくは財産に関する重要な事項
D20: 金利スワップ契約締結に関するお知らせ ※開示済みの借入金に関し、後日金利スワップ契約を締結する場合 | E20: 【投資法人】[決定事実]投資法人債の募集又は資金の借入れ 【投資法人】[その他]開示事項の経過 | F20: 【投資法人】英文資料（ファイナンス） | G20: 「【投資法人】[決定事実]その他上場ＲＥＩＴ若しくは上場インフラファンド又は投資法人の運営、業務若しくは財産に関する重要な事項」を選択することも可能です。
C21: 投資法人債 | D21: 投資法人債の発行登録書提出に関するお知らせ | E21: 【投資法人】[決定事実]その他上場ＲＥＩＴ若しくは上場インフラファンド又は投資法人の運営、業務若しくは財産に関する重要な事項 | F21: 【投資法人】英文資料（ファイナンス） | G21: 投資判断上の重要性が高いと考えられるものを除いて、いわゆる任意開示の位置づけとなります。
D22: 投資法人債の発行に係る包括決議に関するお知らせ
D23: 投資法人債発行に係る発行登録書の提出及び包括決議に関するお知らせ
D24: 投資法人債の発行に関するお知らせ | E24: 【投資法人】[決定事実]投資法人債の募集又は資金の借入れ | F24: 【投資法人】英文資料（ファイナンス）
C25: コミットメントライン契約・極度ローン | D25: コミットメントライン契約の締結に関するお知らせ | E25: 【投資法人】[決定事実]その他上場ＲＥＩＴ若しくは上場インフラファンド又は投資法人の運営、業務若しくは財産に関する重要な事項 | F25: 【投資法人】英文資料（ファイナンス） | G25: 投資判断上の重要性が高いと考えられるものを除いて、いわゆる任意開示の位置づけとなります。
D26: 極度ローン契約の締結に関するお知らせ
D27: 極度借入枠の設定に関するお知らせ
D28: コミットメントライン契約の更新に関するお知らせ | E28: 【投資法人】[決定事実]その他上場ＲＥＩＴ若しくは上場インフラファンド又は投資法人の運営、業務若しくは財産に関する重要な事項 【投資法人】[その他]開示事項の経過 | F28: 【投資法人】英文資料（ファイナンス）
D29: 極度ローンの契約期限延長に関するお知らせ
B30: 運用資産等 に関する開示 | C30: 資産の取得・譲渡 | D30: 資産の取得（譲渡）に関するお知らせ | E30: 【資産運用会社等】[決定事実]運用資産等に係る資産の譲渡又は取得 | F30: 【投資法人】英文資料（運用資産）
D31: 国内（海外）不動産（信託受益権）の取得（譲渡）に関するお知らせ
D32: 匿名組合出資持分（優先出資証券）の取得（譲渡）に関するお知らせ
D33: 資産の取得（譲渡）完了に関するお知らせ | E33: 【資産運用会社等】[決定事実]運用資産等に係る資産の譲渡又は取得 【資産運用会社等】[その他]開示事項の経過 | F33: 【投資法人】英文資料（運用資産） | G33: 取得完了又は譲渡完了に関する開示は、例えばフォワードコミットメントに該当することなどの要因から投資判断上の重要性が高いと考えられるケースを除いて、通常はいわゆる任意開示の位置づけとなると考えられます。なお、取得又は譲渡に関する開示において予定していた内容から変更が生じた場合は、変更となった旨の開示が必要となります。
C35: 資産の取得・譲渡＋貸借（貸借の解消） | D35: 資産の取得（譲渡）及び貸借（貸借の解消）に関するお知らせ | E35: 【資産運用会社等】[決定事実]運用資産等に係る資産の譲渡又は取得 | F35: 【投資法人】英文資料（運用資産）
E36: 【資産運用会社等】[決定事実]運用資産等の貸借又は貸借の解消
C37: テナント異動 | D37: テナントの異動に関するお知らせ | E37: 【資産運用会社等】[決定事実]運用資産等の貸借又は貸借の解消 | F37: 【投資法人】英文資料（運用資産） | G37: 決定を伴わない解約の場合（テナントから解約の申し出を受けた場合等）は、「【投資法人】[発生事実]運用資産等の貸借の解消」を選択します。
D38: 賃貸借契約の締結（解約）に関するお知らせ
D39: マスターリース会社の変更に関するお知らせ
D40: マスターリース会社及びプロパティ・マネジメント会社の変更に関するお知らせ | E40: 【資産運用会社等】[決定事実]運用資産等の貸借又は貸借の解消 | F40: 【投資法人】英文資料（運用資産）
D41: マスターリース会社兼プロパティ・マネジメント会社の変更に関するお知らせ | E41: 【資産運用会社等】[決定事実]その他運用資産等に関する重要な事項
C42: 損害の発生 | D42: 地震（台風）の影響に関するお知らせ | E42: 【投資法人】[発生事実]災害に起因する損害又は業務遂行の過程で生じた損害 | F42: 【投資法人】英文資料（運用資産） | G42: 運用資産に係る災害に起因する損害又は業務遂行の過程で生じた損害が軽微基準に該当し、いわゆる任意開示の位置づけとなる場合は、「【投資法人】[発生事実]その他運用資産等に関する重要な事実」を選択することも可能です。
C43: その他 | D43: ●年●月分稼働状況に関するお知らせ | E43: 【投資法人】［発生事実］その他運用資産等に関する重要な事実 | F43: 【投資法人】英文資料（運用資産） | G43: 「【投資法人】[決定事実]その他上場ＲＥＩＴ若しくは上場インフラファンド又は投資法人の運営、業務若しくは財産に関する重要な事実」を選択することも可能です。
B44: 投資法人 に関する開示 | C44: 規約変更 | D44: 規約の一部変更に関するお知らせ | E44: 【投資法人】[決定事実]規約の変更又は解散 | F44: 【投資法人】英文資料（投資法人）
C45: 規約変更＋投資法人役員選任 | D45: 規約の一部変更及び役員選任に関するお知らせ | E45: 【投資法人】[決定事実]規約の変更又は解散 | F45: 【投資法人】英文資料（投資法人）
E46: 【投資法人】[決定事実]その他上場ＲＥＩＴ若しくは上場インフラファンド又は投資法人の運営、業務若しくは財産に関する重要な事項
C47: その他 | D47: 投資主総会決議に関するお知らせ | E47: 【投資法人】[決定事実]その他上場ＲＥＩＴ若しくは上場インフラファンド又は投資法人の運営、業務若しくは財産に関する重要な事項 | F47: 【投資法人】英文資料（投資法人） | G47: 付議議案に関する開示の際に選択した公開項目及び「【投資法人】[その他]開示事項の経過」を選択することも可能です。
C48: 投資法人及び資産運用会社の移転 | D48: 投資法人及び資産運用会社の本店移転に関するお知らせ | E48: 【投資法人】[決定事実]その他上場ＲＥＩＴ若しくは上場インフラファンド又は投資法人の運営、業務若しくは財産に関する重要な事項 【資産運用会社等】[決定事実]認可若しくは承認の申請又は届出 | F48: 【投資法人】英文資料（投資法人） 【資産運用会社等】英文資料（資産運用会社） | G48: 投資判断上の重要性が高いと考えられるものを除いて、いわゆる任意開示の位置づけとなります。
C50: 会計監査人の異動 | D50: 会計監査人の異動に関するお知らせ | E50: 【投資法人】[決定事実][発生事実]公認会計士等の異動 | F50: 【投資法人】英文資料（投資法人） | G50: 異動の経緯を踏まえ、決定事実と発生事実のいずれかを選択します。
B51: 資産運用会社 に関する開示 | C51: 取締役・監査役の異動 | D51: 資産運用会社における役員の異動（選任／退任）に関するお知らせ | E51: 【資産運用会社等】[決定事実]認可若しくは承認の申請又は届出 | F51: 【資産運用会社等】英文資料（資産運用会社）
C52: 重要な使用人の異動 | D52: 資産運用会社における重要な使用人の変更に関するお知らせ | E52: 【資産運用会社等】[決定事実]認可若しくは承認の申請又は届出 | F52: 【資産運用会社等】英文資料（資産運用会社） | G52: 投資判断上の重要性が高いと考えられるものを除いて、いわゆる任意開示の位置づけとなります。
C53: 組織変更 | D53: 資産運用会社における組織変更に関するお知らせ | E53: 【資産運用会社等】[決定事実]認可若しくは承認の申請又は届出 | F53: 【資産運用会社等】英文資料（資産運用会社）
C54: 業務方法書の変更 | D54: 資産運用会社における業務の方法の変更に関するお知らせ | E54: 【資産運用会社等】[決定事実]認可若しくは承認の申請又は届出 | F54: 【資産運用会社等】英文資料（資産運用会社）
C55: 特定関係法人の異動 | D55: 特定関係法人の異動に関するお知らせ | E55: 【資産運用会社等】[発生事実]特定関係法人の異動 | F55: 【資産運用会社等】英文資料（資産運用会社）
C56: 主要株主の異動 | D56: 資産運用会社における主要株主の異動に関するお知らせ | E56: 【資産運用会社等】[発生事実]主要株主の異動 | F56: 【資産運用会社等】英文資料（資産運用会社）
B57: 投資口の併合 又は分割 に関する開示 | C57: 投資口分割＋分配予想修正 | D57: 投資口の分割及び分配金の予想の修正に関するお知らせ | E57: 【投資法人】[決定事実]投資口の併合又は分割 | F57: 【投資法人】英文資料（その他）
E58: 【投資法人】[決算に関する情報]金銭の分配予想の修正等 | F58: 【投資法人】英文資料（決算情報）
B59: 決算情報 に関する開示 | C59: 決算短信（中間決算短信） | D59: ●年●月期 決算短信（REIT） | E59: 【投資法人】[決算に関する情報]決算内容（通期） | F59: 【投資法人】英文資料（決算情報）
E60: 【投資法人】[決定事実]金銭の分配
D61: ●年●月期 中間決算短信（REIT） | E61: 【投資法人】[決算に関する情報]決算内容（中間） | F61: 【投資法人】英文資料（決算情報）
C62: 決算説明資料 | D62: ●年●月期 決算説明会資料 | E62: 【投資法人】[決算に関する情報]決算発表資料の追加（決算説明会資料） | F62: 【投資法人】英文資料（決算情報）
C63: 決算短信の訂正 | D63: （訂正）●年●月期 決算短信（REIT）の一部訂正に関するお知らせ ※開示資料（PDFファイル）のみを訂正する場合 | E63: 【投資法人】[決算に関する情報]決算内容（通期） | F63: 【投資法人】英文資料（決算情報） | G63: TDnetでの登録作業は、トップメニューの「適時開示資料を作成・提出する」ではなく、「開示資料等を訂正する」の「PDFファイルのみの追加・訂正はこちらから」を選択して行ってください。数値データの添付は不要です。
E64: 【投資法人】[決算に関する情報]決算発表資料の訂正
D65: （訂正・数値データ訂正）●年●月期 決算短信（REIT）の一部訂正に関するお知らせ ※開示資料（PDFファイル）とXBRLファイルの両方を訂正する場合 | E65: 【投資法人】[決算に関する情報]決算内容（通期） | F65: 【投資法人】英文資料（決算情報） | G65: TDnetでの登録作業は、トップメニューの「適時開示資料を作成・提出する」ではなく、「開示資料等を訂正する」の「数値データ（XBRLデータ）の追加・訂正はこちらから」から訂正対象の決算短信を選択して行ってください。訂正内容を反映した数値データの添付が必要です。
E66: 【投資法人】[決算に関する情報]決算発表資料の訂正
E67: 【投資法人】[決算に関する情報]数値データ訂正
D68: （数値データ訂正）●年●月期 決算短信（REIT） ※XBRLファイルのみを訂正する場合。 | E68: 【投資法人】[決算に関する情報]決算内容（通期） | F68: 【投資法人】英文資料（決算情報） | G68: TDnetでの登録作業は、トップメニューの「適時開示資料を作成・提出する」ではなく、「開示資料等を訂正する」の「数値データ（XBRLデータ）の追加・訂正はこちらから」から訂正対象の決算短信を選択して行ってください。訂正内容を反映した数値データの添付が必要です。
E69: 【投資法人】[決算に関する情報]数値データ訂正
C70: 決算短信数値データ（サマリー・財務諸表）の 追加 | D70: （数値データ追加）●年●月期 決算短信（REIT） ※開示資料（PDFファイル）のみ開示した後にXBRLファイルを追加開示する場合。 | E70: 【投資法人】[決算に関する情報]決算内容（通期） | F70: 【投資法人】英文資料（決算情報） | G70: TDnetでの登録作業は、トップメニューの「適時開示資料を作成・提出する」ではなく、「開示資料等を訂正する」の「数値データ（XBRLデータ）の追加・訂正はこちらから」から追加対象の決算短信を選択して行ってください。数値データの添付が必要です。
E71: 【投資法人】[決算に関する情報]数値データ追加
B72: 予想の修正等 に関する開示 | C72: 運用状況予想修正＋分配予想修正 | D72: ●年●月期の運用状況及び分配金の予想の修正に関するお知らせ | E72: 【投資法人】[決算に関する情報]利益予想の修正等 | F72: 【投資法人】英文資料（決算情報） | G72: 同一の決算期に関する二回目以降の修正である場合も、「【投資法人】[その他]開示事項の経過」の選択は不要です。
E73: 【投資法人】[決算に関する情報]金銭の分配予想の修正等
C74: 分配予想修正 | D74: ●年●月期の分配金の予想の修正に関するお知らせ | E74: 【投資法人】[決算に関する情報]金銭の分配予想の修正等 | F74: 【投資法人】英文資料（決算情報）
C75: 運用状況予想修正＋分配予想修正の訂正 | D75: （訂正）「●年●月期の運用状況及び分配金の予想の修正に関するお知らせ」の一部訂正に関するお知らせ ※開示資料（PDFファイル）のみを訂正する場合 | E75: 【投資法人】[決算に関する情報]利益予想の修正等 | F75: 【投資法人】英文資料（決算情報） | G75: TDnetでの登録作業は、トップメニューの「適時開示資料を作成・提出する」ではなく、「開示資料等を訂正する」の「PDFファイルのみの追加・訂正はこちらから」を選択して行ってください。数値データの添付は不要です。
E76: 【投資法人】[決算に関する情報]金銭の分配予想の修正等
E77: 【投資法人】[その他]開示資料の追加、訂正又は説明
D78: （訂正・数値データ訂正）「●年●月期の運用状況及び分配金の予想の修正に関するお知らせ」の一部訂正に関するお知らせ ※開示資料（PDFファイル）とXBRLファイルの両方を訂正する場合 | E78: 【投資法人】[決算に関する情報]利益予想の修正等 | F78: 【投資法人】英文資料（決算情報） | G78: TDnetでの登録作業は、トップメニューの「適時開示資料を作成・提出する」ではなく、「開示資料等を訂正する」の「数値データ（XBRLデータ）の追加・訂正はこちらから」から訂正対象の資料を選択して行ってください。訂正内容を反映した数値データの添付が必要です。
E79: 【投資法人】[決算に関する情報]金銭の分配予想の修正等
E80: 【投資法人】[その他]開示資料の追加、訂正又は説明
E81: 【投資法人】[決算に関する情報]数値データ訂正
D82: （数値データ訂正）●年●月期の運用状況及び分配金の予想の修正に関するお知らせ ※XBRLファイルのみを訂正する場合 | E82: 【投資法人】[決算に関する情報]利益予想の修正等 | F82: 【投資法人】英文資料（決算情報） | G82: TDnetでの登録作業は、トップメニューの「適時開示資料を作成・提出する」ではなく、「開示資料等を訂正する」の「数値データ（XBRLデータ）の追加・訂正はこちらから」から訂正対象の資料を選択して行ってください。訂正内容を反映した数値データの添付が必要です。
E83: 【投資法人】[決算に関する情報]金銭の分配予想の修正等
E84: 【投資法人】[決算に関する情報]数値データ訂正
C85: 運用状況予想修正＋分配予想修正数値データの追加 | D85: （数値データ追加）●年●月期の運用状況及び分配金の予想の修正に関するお知らせ ※開示資料（PDFファイル）のみ開示した後にXBRLファイルを追加開示する場合 | E85: 【投資法人】[決算に関する情報]利益予想の修正等 | F85: 【投資法人】英文資料（決算情報） | G85: TDnetでの登録作業は、トップメニューの「適時開示資料を作成・提出する」ではなく、「開示資料等を訂正する」の「数値データ（XBRLデータ）の追加・訂正はこちらから」から追加対象の資料を選択して行ってください。数値データの添付が必要です。
E86: 【投資法人】[決算に関する情報]金銭の分配予想の修正等
E87: 【投資法人】[決算に関する情報]数値データ追加
C88: 新たな運用状況予想＋分配予想を公表 （決算短信での公表を除く） | D88: ●年●月期の運用状況及び分配金の予想に関するお知らせ ※公募増資等に伴い新たな運用状況及び分配予想を公表する場合 | E88: 【投資法人】[決算に関する情報]利益予想の修正等 | F88: 【投資法人】英文資料（決算情報）
E89: 【投資法人】[決算に関する情報]金銭の分配予想の修正等
C90: 運用状況予想と実績値との差異＋分配予想と実績値との差異 | D90: ●年●月期の運用状況及び分配金の予想と実績値との差異に関するお知らせ | E90: 【投資法人】[決算に関する情報]利益予想の修正等 | F90: 【投資法人】英文資料（決算情報） | G90: 確定した決算における数値と直近の予想値に営業収益で10%又は、経常利益及び純利益で30％超の差異がある場合、決算短信とは別途、運用状況予想と実績値との差異に関する開示を行う必要があります。また、確定した分配金額と直近の予想値に5％超の差異がある場合、決算短信では「【投資法人】[決定事実]金銭の分配」は選択せずに、同様に決算短信とは別途、分配予想と実績値との差異に関する開示を行う必要があります。 なお、決算短信と同時に予想と実績値との差異に関する開示が行われ、決算短信にXBRL数値データが添付されている場合には、予想と実績値との差異に関する開示についてはXBRL数値データは不要となります。
E91: 【投資法人】[決算に関する情報]金銭の分配予想の修正等
B92: その他 | C92: 補足説明資料（決算説明資料以外） | D92: ●●に係る補足説明資料 | E92: 補足説明をする開示に係る公開項目＋【投資法人】[その他]開示資料の追加、訂正又は説明 | F92: 補足説明をする開示に係る公開項目 | G92: 例えば、物件の取得に係る補足説明資料であれば、「【資産運用会社等】[決定事実]運用資産等に係る資産の譲渡又は取得」＋「【資産運用会社等】[その他]開示資料の追加、訂正又は説明」となります。
C93: 格付 | D93: 格付の取得に関するお知らせ | E93: 【投資法人】[決定事実]その他上場ＲＥＩＴ若しくは上場インフラファンド又は投資法人の運営、業務若しくは財産に関する重要な事項 | F93: 【投資法人】英文資料（投資法人） | G93: 格付の変更を伴わない「格付の見通し（又は方向性、アウトルック等）の変更」については、投資判断上の重要性が高いと考えられるものを除いて、いわゆる任意開示の位置づけとなります。
D94: 格付の取下げに関するお知らせ
D95: 格付の変更に関するお知らせ
C96: その他 | D96: 物件取得に係る優先交渉権の取得に関するお知らせ | E96: 【投資法人】[決定事実]その他上場ＲＥＩＴ若しくは上場インフラファンド又は投資法人の運営、業務若しくは財産に関する重要な事項 | F96: 【投資法人】英文資料（その他）
D97: 利害関係人等との取引に関するお知らせ | E97: 【投資法人】[決定事実]その他上場ＲＥＩＴ若しくは上場インフラファンド又は投資法人の運営、業務若しくは財産に関する重要な事項 | F97: 【投資法人】英文資料（その他）
D98: 貸借銘柄選定に関するお知らせ | E98: 【投資法人】[発生事実]その他上場ＲＥＩＴ若しくは上場インフラファンド又は投資法人の運営、業務若しくは財産に関する重要な事実 | F98: 【投資法人】英文資料（その他）
D99: フェア・ディスクロージャールールに基づく資料の公表について | E99: 公表資料に係る公開項目＋【投資法人】[その他]フェア・ディスクロージャー・ルールに基づく公表 | F99: 公表資料に係る公開項目
B100: ※この資料は、TDnetを通じて情報を受領する投資家、情報ベンダー等の処理に資する目的で、実務上の目安として作成したものです。
